 Dungeon Crawl Stone Soup version 0.21-a0-521-g1cd18d1 (webtiles) character file.

155736 kiturien the Peltast (level 17, -5/158 HPs)
             Began as a Minotaur Fighter on Dec 4, 2017.
             Was the Champion of Wu Jian.
             Hit by a silver javelin thrown by a merfolk javelineer (11 damage)
             ... on level 4 of the Shoals on Dec 5, 2017.
             The game lasted 01:59:36 (27876 turns).

kiturien the Peltast (Minotaur Fighter)            Turns: 27876, Time: 01:59:37

Health: -5/158     AC: 27    Str: 31      XL:     17   Next: 9%
Magic:  13/16      EV: 17    Int:  3 (5)  God:    Wu Jian [******]
Gold:   2597       SH: 21    Dex: 21      Spells: 16/16 levels left

rFire    . . .     SeeInvis .   w - +5 scimitar (flame)
rCold    + . .     Gourm    .   K - +2 shield
rNeg     . . .     Faith    .   N - +2 plate armour {rF+}
rPois    .         Spirit   .   b - +2 hat
rElec    .         Reflect  +   D - +2 cloak {MR+}
rCorr    .         Harm     .   (no gloves)
MR       ++++.                  i - +2 pair of boots
Stlth    ..........             M - +2 amulet of reflection
HPRegen  0.36/turn              s - ring of Makhleb's Outrage {Ice MR+ Dex+6}
MPRegen  0.15/turn              X - ring "Sovveko" {MR+ Str+4}

@: barbed spikes, very slightly contaminated, studying 2 skills, drained
A: retaliatory headbutt, horns 2, agile 2
a: Serpent's Lash, Heavenly Storm, Renounce Religion


You were on level 4 of the Shoals.
You worshipped Wu Jian.
Wu Jian was exalted by your worship.
You were not hungry.

You visited 5 branches of the dungeon, and saw 25 of its levels.
You also visited: Volcano.

You collected 3298 gold pieces.
You spent 701 gold pieces at shops.

Inventory:

Hand Weapons
 w - a +5 scimitar of flaming (weapon)
 B - the +8 rapier of Ladituh {pierce, rElec rN+ Dex+3}
   (You found it on level 1 of the Elven Halls)

   It inflicts extra damage upon your enemies.
   It affects your dexterity (+3).
   It insulates you from electricity.
   It protects you from negative energy.
Armour
 b - a +2 hat (worn)
 i - a +2 pair of boots (worn)
 D - a +2 cloak of magic resistance (worn)
 H - the +0 leather armour of Indomitability {MR- rCorr MP+9 Int+9}
   (You found it on level 9 of the Dungeon)

   It affects your intelligence (+9).
   It affects your resistance to hostile enchantments.
   It affects your magic capacity (+9).
   It protects you from acid and corrosion.
 K - a +2 shield (worn)
 N - a +2 plate armour of fire resistance (worn)
Jewellery
 a - an uncursed ring of flight
 k - an uncursed ring of see invisible
 s - the ring of Makhleb's Outrage (left hand) {Ice MR+ Dex+6}
   (You found it on level 4 of the Dungeon)

   [ring of ice]

   It enhances your ice magic.
   It affects your dexterity (+6).
   It makes you vulnerable to fire.
   It protects you from cold.
   It affects your resistance to hostile enchantments.
 M - a +2 amulet of reflection (around neck)
 R - an uncursed ring of protection from fire
 S - an uncursed ring of poison resistance
 U - a +5 ring of protection
 X - the ring "Sovveko" (right hand) {MR+ Str+4}
   (You took it off a deep elf master archer on level 3 of the Elven Halls)

   [ring of protection from magic]

   It affects your strength (+4).
   It affects your resistance to hostile enchantments.
 Y - an uncursed ring of resist corrosion
Wands
 h - a wand of polymorph (38)
 m - a wand of acid (20)
 v - a wand of iceblast (21)
 I - a wand of enslavement (12)
 P - a wand of clouds (3)
 T - a wand of disintegration (8)
Scrolls
 j - 3 scrolls of magic mapping
 n - 2 scrolls of blinking
 u - 2 scrolls of immolation
 x - 5 scrolls of teleportation
 y - 5 scrolls of identify
 A - 11 scrolls of remove curse
 C - 6 scrolls of amnesia
 O - a scroll of fog
 Z - a scroll of fear
Potions
 d - a potion of might
 e - 9 potions of curing
 l - 5 potions of mutation
 p - 6 potions of brilliance
 r - a potion of magic
 t - 3 potions of resistance
 z - 6 potions of berserk rage
 E - 6 potions of flight
 G - 5 potions of cancellation
 J - a potion of agility
 Q - 5 potions of haste
 V - a potion of ambrosia
Books
 c - a manual of
Armour
 W - a manual of Charms
Miscellaneous
 L - a phantom mirror
Comestibles
 f - 8 bread rations
 g - 18 meat rations
 o - 11 royal jellies
 q - 15 fruits


   Skills:
 * Level 16.0(15.5) Fighting
 * Level 18.1(17.5) Long Blades
 * Level 15.1(14.6) Armour
 * Level 12.3(11.8) Dodging
 * Level 18.7(18.1) Shields


You had 16 spell levels left.
You didn't know any spells.

Dungeon Overview and Level Annotations

Branches:
Dungeon (10/15)            Temple (0/1) D:7            Lair (6/6) D:9
 Shoals (4/4) Lair:4        Snake (0/4) Lair:2        Slime (0/5) Lair:6
    Orc (2/2) D:10            Elf (3/3) Orc:2

Altars:
Ashenzari
Cheibriados
Dithmenos
Fedhas
Hepliaklqana
Nemelex Xobeh
Qazlal
Ru
Trog
Vehumet
Wu Jian
Xom
Yredelemnul
Zin
Beogh
Jiyva

Shops:
D:4 [   D:10 (   Orc:1 =   Orc:2 *(%!   Elf:2 [   Elf:3 !*==!   Shoals:1 %

Annotations:
Shoals:4 Ilsuiw


Innate Abilities, Weirdness & Mutations

You reflexively headbutt those who attack you in melee.
You have a pair of horns on your head.
You are very agile. (Dex +4)


Message History

The merfolk moves out of view.
The merfolk javelineer throws a javelin.
The javelin hits you!!
* * * LOW HITPOINT WARNING * * *
The merfolk throws a tomahawk.
The tomahawk hits you.
* * * LOW HITPOINT WARNING * * *
A merfolk comes into view. It is wielding a trident.
The merfolk shouts!
A merfolk comes into view. It is wielding a trident.
The merfolk javelineer throws a javelin.
You reflect the javelin off an invisible shield around you!
The javelin hits the merfolk javelineer!!
The merfolk javelineer throws a poisoned javelin.
The poisoned javelin barely misses you. You block the snapping turtle's attack.
The merfolk javelineer throws a javelin.
The javelin hits you!
* * * LOW HITPOINT WARNING * * *
The merfolk javelineer throws a silver javelin.
The silver javelin hits you!
You die...

.... .###≈≈
###............
##.......≈≈≈≈/..
#...............
..≈≈..........m..
≈≈≈≈...#.#..m..(.
≈≈≈≈...#.#.m..≈..
≈≈≈. #@..# ≈≈≈.#
≈≈..##...##≈≈.#
≈.....t..m....#
≈≈≈....≈.m..m.#
≈≈≈≈..Hcmmm...#
≈≈≈t...c≈E......
...m.ccc.......#
.......(........
................


You could see Ilsuiw, 5 merfolk javelineers, a satyr, 2 snapping turtles, 3
merfolk, 3 fauns, a manticore, a water elemental, a merfolk siren and a centaur.

Vanquished Creatures
  3 deep elf blademasters (Elf:2)
  A deep elf master archer (Elf:3)
  3 deep elf sorcerers (Elf:3)
  2 deep elf elementalists
  5 deep elf demonologists (Elf:3)
  A red draconian (Volcano)
  5 deep elf annihilators (Elf:3)
  A merfolk javelineer (Shoals:2)
  2 deep elf death magi (Elf:3)
  A fire dragon (Lair:6)
  4 deep elf high priests
  The ghost of Gildeon the Severer, a journeyman MiFi of Qazlal (Lair:4)
  2 hydras (Lair:3)
  2 merfolk avatars
  A centaur warrior (Orc:2)
  Erica (D:8)
  26 dancing weapons
  7 two-headed ogres
  A satyr (Shoals:3)
  Sonja (Lair:4)
  18 deep elf knights
  A sea snake (Shoals:3)
  A swamp dragon (Lair:6)
  An orange crystal statue (Shoals:4)
  10 deep elf archers
  4 orc knights
  A lindwurm (Lair:6)
  The ghost of Roxy the Basher, a novice FoFi of Qazlal (D:9)
  Pikel (D:7)
  14 harpies
  3 orc sorcerers
  45 deep elf magi
  8 manticores
  10 fauns
  A cyclops (Shoals:1)
  7 elephants
  4 merfolk sirens
  4 black mambas
  Joseph (D:7)
  Maurice (D:8)
  2 water nymphs (Shoals:3)
  5 rime drakes
  8 spiny frogs
  4 yaktaurs (Volcano)
  3 komodo dragons
  A komodo dragon (shapeshifter) (Elf:1)
  15 merfolk
  4 trolls
  A polar bear (shapeshifter) (Elf:2)
  A polar bear (Lair:2)
  6 wind drakes
  3 blink frogs (Lair:5)
  9 hippogriffs
  13 dream sheep
  6 air elementals
  2 snapping turtles
  28 yaks
  6 water elementals
  4 basilisks
  4 steam dragons (Lair:6)
  2 nagas (Lair:2)
  A warg (Orc:2)
  A warg (shapeshifter) (Elf:3)
  11 water moccasins
  Duvessa (D:6)
  An acid dragon (Lair:6)
  7 porcupines
  2 slaves (D:7)
  2 black bears
  An eye of draining (shapeshifter) (Elf:1)
  36 orc warriors
  A phantom (D:9)
  4 ice beasts
  A sky beast (D:8)
  A necrophage (D:8)
  12 ogres
  19 wolves
  13 centaurs
  22 crocodiles
  12 bullfrogs
  A gnoll sergeant (D:7)
  An earth elemental (Elf:2)
  Dowan (D:6)
  8 killer bees
  An electric eel (Lair:4)
  2 crimson imps
  A howler monkey (D:6)
  A quasit (D:8)
  2 bullfrog zombies
  A centaur zombie (D:6)
  5 jellies
  10 orc priests
  3 bullfrog skeletons
  2 hounds
  25 orc wizards
  Crazy Yiuf (D:5)
  A centaur skeleton (D:8)
  Terence (D:2)
  7 worker ants
  A hound zombie (D:9)
  A howler monkey zombie (D:10)
  A worker ant zombie (D:6)
  5 gnolls (D:7)
  16 adders
  2 howler monkey skeletons
  5 shadow imps
  3 adder zombies
  An adder skeleton (D:5)
  A worm (D:2)
  3 dart slugs
  5 leopard geckos
  82 orcs
  7 bats
  2 giant cockroaches
  7 goblins
  8 hobgoblins
  2 jackals (D:7)
  2 kobolds
  3 quokkas
  A ball python (D:1)
  5 frilled lizards
  A jackal skeleton (D:5)
  A leopard gecko skeleton (D:6)
  2 quokka skeletons (D:5)
  14 rats
736 creatures vanquished.

Vanquished Creatures (others)
  A deep elf master archer (Elf:3)
  Nessos (Lair:6)
  A centaur warrior (Volcano)
  A deep elf archer (Elf:2)
  A faun (Shoals:2)
  A cyclops (Orc:2)
  A merfolk (Shoals:2)
  An orc warrior (Orc:2)
  3 centaurs
  A crocodile (Lair:6)
  3 orcs
  A fungus (Lair:6)
  A plant (Shoals:2)
17 creatures vanquished.

Grand Total: 753 creatures vanquished

Notes
Turn   | Place    | Note
-------+----------+-------------------------------------------
     0 | D:1      | kiturien the Minotaur Fighter began the quest for the Orb.
     0 | D:1      | Reached XP level 1. HP: 19/19 MP: 0/0
   345 | D:1      | Reached XP level 2. HP: 27/27 MP: 1/1
   990 | D:1      | Gained mutation: You are agile. (Dex +2) [potion of mutation]
   990 | D:1      | Gained mutation: You are very agile. (Dex +4) [potion of mutation]
  1227 | D:2      | Found a faded altar of an unknown god.
  1283 | D:2      | Reached XP level 3. HP: 33/33 MP: 2/2
  1290 | D:2      | Found a sparkling altar of Nemelex Xobeh.
  1290 | D:2      | Found a transporter.
  1456 | D:2      | Noticed Terence
  1461 | D:2      | Killed Terence
  1461 | D:2      | Reached skill level 1 in Dodging
  1572 | D:2      | Reached XP level 4. HP: 40/40 MP: 3/3
  1835 | D:3      | Reached XP level 5. HP: 47/47 MP: 4/4
  1858 | D:3      | Found a snail-covered altar of Cheibriados.
  2766 | D:4      | Reached XP level 6. HP: 33/53 MP: 5/5
  2777 | D:4      | Found Miuttywn's Armour Boutique.
  2784 | D:4      | Bought a +2 pair of boots for 214 gold pieces
  3211 | D:4      | Got a scorched silver ring
  3219 | D:4      | Reached skill level 5 in Long Blades
  3219 | D:4      | Reached skill level 5 in Armour
  3397 | D:5      | Entered Level 5 of the Dungeon
  3527 | D:5      | Found a shimmering altar of Xom.
  3530 | D:5      | Found a shimmering altar of Xom.
  3543 | D:5      | Found a shimmering altar of Xom.
  3546 | D:5      | Found a shimmering altar of Xom.
  3546 | D:5      | Found a shimmering altar of Xom.
  3583 | D:5      | Found a radiant altar of Vehumet.
  3585 | D:5      | Found a blossoming altar of Fedhas.
  3585 | D:5      | Found a hazy altar of Hepliaklqana.
  3602 | D:5      | Reached skill level 5 in Shields
  3616 | D:5      | Reached XP level 7. HP: 45/60 MP: 6/6
  3622 | D:5      | Found a sparkling altar of Nemelex Xobeh.
  3622 | D:5      | Found a shadowy altar of Dithmenos.
  3640 | D:5      | Reached skill level 5 in Fighting
  4067 | D:5      | Found a stormy altar of Qazlal.
  4219 | D:5      | You fall through a shaft for 3 floors!
  4244 | D:8      | Reached XP level 8. HP: 36/69 MP: 7/7
  4586 | D:8      | Noticed Maurice
  4608 | D:8      | Identified the ring of Makhleb's Outrage {Ice MR+ Dex+6} (You found it on level 4 of the Dungeon)
  4617 | D:8      | Noticed a troll
  4897 | D:8      | Noticed Erica
  4920 | D:8      | Killed Erica
  4920 | D:8      | Reached XP level 9. HP: 31/75 MP: 8/8
  5114 | D:8      | Killed a troll
  5194 | D:9      | Noticed a troll
  5195 | D:9      | Found a staircase to the Lair.
  5195 | D:9      | Noticed Roxy's ghost (novice FoFi)
  5196 | D:9      | Noticed an elephant
  5250 | D:8      | Found a sacrificial altar of Ru.
  5358 | D:8      | Killed Maurice
  5496 | D:7      | Reached skill level 5 in Dodging
  5706 | D:6      | Found a bloodstained altar of Trog.
  5785 | D:6      | Reached skill level 10 in Long Blades
  5915 | D:6      | Found a shadowy altar of Dithmenos.
  5953 | D:6      | Noticed Dowan
  5953 | D:6      | Noticed Duvessa
  5965 | D:6      | Killed Duvessa
  5979 | D:6      | Killed Dowan
  6158 | D:6      | Got a shimmering ring mail
  6170 | D:6      | Identified the +1 ring mail of Absolutism {+Fly MR- Str+3 Dex+2} (You found it on level 6 of the Dungeon)
  6367 | D:5      | Found an ornate altar of the Wu Jian Council.
  6375 | D:5      | Became a worshipper of the Wu Jian Council
  6518 | D:5      | You fall through a shaft!
  6572 | D:5      | Found a runed door.
  6576 | D:5      | Noticed Crazy Yiuf
  6578 | D:5      | Killed Crazy Yiuf
  6867 | D:7      | Reached XP level 10. HP: 86/86 MP: 9/9
  6890 | D:7      | Noticed Joseph
  6904 | D:7      | Killed Joseph
  7091 | D:7      | Found a shattered altar of Ashenzari.
  7148 | D:7      | Found a staircase to the Ecumenical Temple.
  7212 | D:7      | Noticed Pikel
  7233 | D:7      | Killed Pikel
  7913 | D:8      | Killed an elephant
  7925 | D:9      | Killed Roxy's ghost
  7931 | D:9      | Reached * piety under Wu Jian
  8099 | D:9      | Noticed a two-headed ogre
  8110 | D:9      | Killed a two-headed ogre
  8291 | D:9      | Noticed a two-headed ogre
  8301 | D:9      | Killed a two-headed ogre
  8319 | D:9      | Noticed a two-headed ogre
  8329 | D:9      | Killed a two-headed ogre
  8329 | D:9      | Reached XP level 11. HP: 95/95 MP: 10/10
  8409 | D:9      | Noticed a two-headed ogre
  8419 | D:9      | Killed a two-headed ogre
  8419 | D:9      | Reached skill level 10 in Shields
  8656 | D:9      | Noticed a two-headed ogre
  8665 | D:9      | Killed a two-headed ogre
  8844 | D:9      | Got a steaming leather armour
  8855 | D:9      | Identified the +0 leather armour of Indomitability {MR- rCorr MP+9 Int+9} (You found it on level 9 of the Dungeon)
  9062 | D:9      | Found a basalt altar of Yredelemnul.
  9172 | D:10     | Entered Level 10 of the Dungeon
  9187 | D:10     | Noticed an orc knight
  9188 | D:10     | Reached ** piety under Wu Jian
  9199 | D:10     | Killed an orc knight
  9427 | D:10     | Found Rextegh's Weapon Shoppe.
  9427 | D:10     | Found a staircase to the Orcish Mines.
  9633 | D:10     | Noticed a two-headed ogre
  9644 | D:10     | Killed a two-headed ogre
  9918 | Orc:1    | Entered Level 1 of the Orcish Mines
 10027 | Orc:1    | Noticed an orc sorcerer
 10037 | Orc:1    | Killed an orc sorcerer
 10077 | Orc:1    | Reached *** piety under Wu Jian
 10177 | Orc:1    | Found Piumoaf's Jewellery Boutique.
 10189 | Orc:1    | Bought a +2 amulet of reflection for 112 gold pieces
 10274 | Orc:1    | Noticed a two-headed ogre
 10314 | Orc:1    | Killed a two-headed ogre
 10468 | Orc:2    | Entered Level 2 of the Orcish Mines
 10468 | Orc:2    | Found a staircase to the Elven Halls.
 10529 | Orc:2    | Reached XP level 12. HP: 106/106 MP: 11/11
 10531 | Orc:2    | Reached skill level 10 in Fighting
 10582 | Orc:2    | Found a roughly hewn altar of Beogh.
 10745 | Orc:2    | Noticed a centaur warrior
 10752 | Orc:2    | Killed a centaur warrior
 10752 | Orc:2    | Reached **** piety under Wu Jian
 10752 | Orc:2    | Reached skill level 10 in Armour
 12337 | Orc:2    | Found Yrritt's Antique Weapon Shoppe.
 12337 | Orc:2    | Found Okinudd's Food Boutique.
 12339 | Orc:2    | Found Vyett's Distillery.
 12341 | Orc:2    | Found Xarul's Assorted Antiques.
 12569 | Lair:1   | Entered Level 1 of the Lair of Beasts
 12700 | Lair:1   | Reached ***** piety under Wu Jian
 13480 | Orc:1    | Bought an uncursed ring of protection from fire for 375 gold pieces
 13602 | Lair:2   | Found a staircase to the Snake Pit.
 13966 | Lair:2   | Reached skill level 15 in Long Blades
 13966 | Lair:2   | Reached XP level 13. HP: 116/116 MP: 12/12
 14590 | Lair:3   | Found a glowing silver altar of Zin.
 14796 | Lair:4   | Noticed Gildeon's ghost (journeyman MiFi)
 14829 | Lair:4   | Killed Gildeon's ghost
 15330 | Lair:4   | Found a staircase to the Shoals.
 15492 | Lair:4   | Noticed Sonja
 15503 | Lair:4   | Killed Sonja
 15798 | Lair:5   | Found a dark tunnel.
 15804 | Volcano  | Entered a volcano
 15867 | Volcano  | Found a burning altar of Makhleb.
 15869 | Volcano  | Noticed a red draconian
 15892 | Volcano  | Killed a red draconian
 16925 | Lair:6   | Entered Level 6 of the Lair of Beasts
 17019 | Lair:6   | Reached skill level 10 in Dodging
 17262 | Lair:6   | Reached ****** piety under Wu Jian
 17312 | Lair:6   | Noticed a fire dragon
 17326 | Lair:6   | Reached XP level 14. HP: 85/127 MP: 13/13
 17758 | Lair:6   | Noticed Nessos
 17759 | Lair:6   | Killed Nessos
 17832 | Lair:6   | Found a staircase to the Slime Pits.
 17832 | Lair:6   | Found a viscous altar of Jiyva.
 18171 | Elf:1    | Entered Level 1 of the Elven Halls
 18331 | Elf:1    | Noticed a deep elf elementalist
 18340 | Elf:1    | Killed a deep elf elementalist
 18524 | Elf:1    | Reached skill level 15 in Shields
 18644 | Elf:1    | Identified the +8 rapier of Ladituh {pierce, rElec rN+ Dex+3} (You found it on level 1 of the Elven Halls)
 19528 | Elf:1    | Reached XP level 15. HP: 138/138 MP: 14/14
 20660 | Elf:2    | Found Fydos's Armour Shoppe.
 20730 | Elf:2    | Found a runed gate.
 20730 | Elf:2    | Found a runed gate.
 20748 | Elf:2    | Found a runed gate.
 21879 | Elf:2    | Noticed a deep elf blademaster
 21907 | Elf:2    | Killed a deep elf blademaster
 22256 | Elf:3    | Entered Level 3 of the Elven Halls
 22267 | Elf:3    | Found Tasoem's Jewellery Emporium.
 22299 | Elf:3    | HP: 4/139 [deep elf mage/bolt of lightning (35)]
 22965 | Elf:3    | Found Zeonus's Distillery.
 23046 | Elf:3    | Found Vauqiog's Jewellery Boutique.
 23440 | Elf:3    | Noticed a deep elf blademaster
 23458 | Elf:2    | Killed a deep elf blademaster
 23614 | Elf:3    | Reached XP level 16. HP: 147/147 MP: 15/15
 23643 | Elf:3    | Noticed a deep elf blademaster
 23700 | Elf:2    | Killed a deep elf blademaster
 23700 | Elf:2    | Reached skill level 15 in Fighting
 23962 | Elf:3    | Noticed a deep elf master archer
 23993 | Elf:3    | Killed a deep elf master archer
 24343 | Elf:3    | Noticed a deep elf master archer
 24368 | Elf:3    | Killed a deep elf master archer
 24719 | Elf:3    | Got a pitted bone ring
 24923 | Elf:3    | Identified the amulet "Gollagesm" {+Blink rC- rN+ Regen+} (You found it on level 3 of the Elven Halls)
 24953 | Elf:3    | Identified the ring "Sovveko" {MR+ Str+4} (You took it off a deep elf master archer on level 3 of the Elven Halls)
 24954 | Elf:3    | Identified a scroll of acquirement
 25297 | Elf:3    | Found Gaquqi Mish's Assorted Antiques.
 25331 | Elf:3    | Found Hacs's Distillery.
 25517 | Elf:3    | Identified the Compendium of Congealing Moulding
 25606 | Elf:3    | Upgraded the game from 0.21-a0-518-g43a1781 to 0.21-a0-521-g1cd18d1
 25812 | Shoals:1 | Entered Level 1 of the Shoals
 26184 | Shoals:1 | Found Juoqible's Food Boutique.
 27101 | Shoals:2 | Reached skill level 15 in Armour
 27511 | Shoals:3 | Reached XP level 17. HP: 158/158 MP: 16/16
 27857 | Shoals:4 | Entered Level 4 of the Shoals
 27873 | Shoals:4 | Noticed Ilsuiw
 27876 | Shoals:4 | HP: 6/158 [merfolk javelineer/javelin (12)]
 27876 | Shoals:4 | Hit by a silver javelin thrown by a merfolk javelineer

Vault maps used:
D:1:      dpeg_arrival_chambers_temple_mockup, minmay_misc_feat_x,
          chequers_big_river
D:2:      chequers_ecumenical_altar_simple, grunt_nemelex_the_gamble,
          uniq_terence
D:3:      nicolae_overflow_crystal_walls, first_bread, eino_tiny_chamber,
          dk_noncrumbling_4
D:4:      serial_co_window_serial, co_window_corner_a, co_window_paths_a,
          co_window_paths_b, co_window_paths_a, co_window_corner_a,
          co_window_corner_a, co_window_broadway_a, co_window_2corner,
          co_window_unsneaky_path_b, co_window_paths_e, glass_columns_a,
          glass_columns_a, glass_columns_a, glass_columns_c, glass_columns_a,
          serial_shops, shop
D:5:      grunt_qazlal_sundering, xom_redecorated,
          nicolae_overflow_hidden_temple, grunt_temple_overflow_open,
          uniq_crazy_yiuf_cottage
D:6:      bloody_trog, grunt_dithmenos_smoke, uniq_duvessa
D:7:      kennysheep_mini_moat, minmay_temple_entry_grid, uniq_pikel,
          uniq_joseph
D:8:      kennysheep_mini, uniq_erica, uniq_maurice
D:9:      marbit_many_paths, david_lair_generic
D:10:     orc_david_3
Lair:1:   st_stairs_11
Lair:2:   guppyfry_snake_entry_island, grunt_forest_small_clearing_treed,
          lemuel_fruit_fields
Lair:3:   basic_altar, grunt_megastairs_2, infiniplex_staircase_pool_2
Lair:4:   minmay_shoals_entry_hut, uniq_sonja
Lair:5:   nicolae_volcano_entry_lava_flow
Lair:6:   guppyfry_lair_end_dragon, slime_altar_1, uniq_nessos
Shoals:1: serial_shops, nicolae_shop_statue_plus, nicolae_shoals_square_sea_wall
Shoals:4: shoals_end_grunt_ice, shoals_ilsuiw_alternative,
          dpeg_stationary_puzzle
Orc:1:    serial_shops, nicolae_shop_stone
Orc:2:    st_orc_rangers, mines1_david
Elf:1:    eino_elf_arrival_customs, hangedman_elven_crosses_minicolossus
Elf:2:    serial_shops, shop
Elf:3:    grunt_elf_hall_diamonds, serial_shops, nicolae_shop_behind_doors,
          nicolae_shop_statue_plus, nicolae_shop_window_shopping, shop_statue,
          shop_fountains
Volcano:  kennysheep_volcano_temple

Skill      XL: |  1  2  3  4  5  6  7  8  9 10 11 12 13 14 15 16 |
---------------+-------------------------------------------------+-----
Fighting       | 4 5 6 7 8 9 11 12 14 16 | 16.0
Shields        | 4 5 6 7 8 9 10 12 14 15 16 18 | 18.7
Armour         | 4 5 6 7 8 9 10 11 12 14 15 | 15.1
Long Blades    | 3 4 5 6 8 10 12 14 15 16 17 18 | 18.1
Dodging        | 1 2 3 4 5 6 7 8 10 11 12 | 12.3

Action                   |  1- 3 |  4- 6 |  7- 9 | 10-12 | 13-15 | 16-18 || total
-------------------------+-------+-------+-------+-------+-------+-------++-------
Melee: Long sword        |    63 |   125 |    86 |       |       |       ||   274
       Headbutt          |     8 |    26 |    51 |   168 |   281 |   153 ||   687
       Unarmed           |       |       |     5 |       |       |       ||     5
       Scimitar          |       |       |   106 |   674 |   942 |   496 ||  2218
  Use: Scroll            |     5 |     3 |     9 |     3 |    11 |     7 ||    38
       Potion            |     5 |     5 |     2 |       |     3 |     1 ||    16
 Stab: Distracted        |       |       |       |     3 |       |       ||     3
       Sleeping          |       |       |       |       |     1 |       ||     1
  Eat: Chunk             |     2 |     6 |    11 |    17 |    21 |     7 ||    64
       Royal jelly       |       |       |       |     1 |     1 |       ||     2
       Bread ration      |       |       |       |     1 |     2 |     2 ||     5
Armor: Scale mail        |    20 |    53 |    76 |     1 |       |       ||   150
       Skin              |       |       |     8 |       |       |       ||     8
       Leather armour    |       |       |       |    57 |    13 |       ||    70
       Plate armour      |       |       |       |       |   167 |   118 ||   285
Dodge: Dodged            |    23 |    49 |    97 |   156 |   218 |   180 ||   723
Block: Shield            |    31 |    67 |   115 |   299 |   533 |   416 ||  1461
       Reflection        |       |       |       |    41 |    49 |    60 ||   150
       Rpst.: Long sword |     8 |    14 |     9 |       |       |       ||    31
       Scimitar          |       |       |     7 |    39 |    57 |    34 ||   137

Table legend:
 A = Spawn XP
 B = Non-spawn XP
 C = Spawn XP percentage of total XP
 D = Spawn monster count
 E = Non-spawn monster count
 F = Spawn count percentage of total count
 G = Total turns spent on level
                    A         B        C        D         E        F      G
               +---------+---------+-------+---------+---------+-------+---------
         Total |       0 |  222480 |   0.0 |       0 |     748 |   0.0 | 27876
               +---------+---------+-------+---------+---------+-------+---------
           D:1 |       0 |      30 |   0.0 |       0 |      19 |   0.0 |  1004
           D:2 |       0 |      80 |   0.0 |       0 |      13 |   0.0 |   704
           D:3 |       0 |     196 |   0.0 |       0 |      32 |   0.0 |   960
           D:4 |       0 |     261 |   0.0 |       0 |      10 |   0.0 |   729
           D:5 |       0 |     732 |   0.0 |       0 |      22 |   0.0 |  1057
           D:6 |       0 |     802 |   0.0 |       0 |      24 |   0.0 |   931
           D:7 |       0 |    2058 |   0.0 |       0 |      25 |   0.0 |   753
           D:8 |       0 |    3431 |   0.0 |       0 |      29 |   0.0 |  1748
           D:9 |       0 |    7573 |   0.0 |       0 |      33 |   0.0 |  1452
          D:10 |       0 |    2704 |   0.0 |       0 |      32 |   0.0 |   806
        Lair:1 |       0 |    4292 |   0.0 |       0 |      19 |   0.0 |   900
        Lair:2 |       0 |    3091 |   0.0 |       0 |      19 |   0.0 |   768
        Lair:3 |       0 |    4074 |   0.0 |       0 |      13 |   0.0 |   531
        Lair:4 |       0 |    5290 |   0.0 |       0 |      21 |   0.0 |   995
        Lair:5 |       0 |    4396 |   0.0 |       0 |      20 |   0.0 |   874
        Lair:6 |       0 |   16646 |   0.0 |       0 |      63 |   0.0 |  1126
      Shoals:1 |       0 |   12461 |   0.0 |       0 |      27 |   0.0 |   789
      Shoals:2 |       0 |   11679 |   0.0 |       0 |      26 |   0.0 |   656
      Shoals:3 |       0 |   11456 |   0.0 |       0 |      23 |   0.0 |   600
      Shoals:4 |       0 |     707 |   0.0 |       0 |       1 |   0.0 |    19
         Orc:1 |       0 |    3810 |   0.0 |       0 |      41 |   0.0 |   930
         Orc:2 |       0 |    9382 |   0.0 |       0 |      86 |   0.0 |  1723
         Elf:1 |       0 |   32365 |   0.0 |       0 |      49 |   0.0 |  2082
         Elf:2 |       0 |   37385 |   0.0 |       0 |      46 |   0.0 |  3215
         Elf:3 |       0 |   43689 |   0.0 |       0 |      47 |   0.0 |  2219
       Volcano |       0 |    3890 |   0.0 |       0 |       8 |   0.0 |   305
               +---------+---------+-------+---------+---------+-------+---------
